 Dungeon Crawl Stone Soup version 0.30-b1-2-g02819fbbbe (webtiles) character file.

Game seed: 3848624395577244220

1838 LLlMATKO the Trooper (level 8, -1/88 (111) HPs)
             Began as a Minotaur Berserker on Oct 15, 2023.
             Was an Elder of Trog.
             Slain by a gnoll
             ... wielding a +2 halberd of electrocution
              (11 damage)
             ... in a bailey.
             The game lasted 00:07:12 (6115 turns).

LLlMATKO the Trooper (Minotaur Berserker)           Turns: 6115, Time: 00:07:13

HP:   -1/88 (111)   AC: 15    Str: 23    XL:     8   Next: 87%
MP:   7/7           EV: 12    Int:  4    God:    Trog [****..]
Gold: 259           SH:  0    Dex: 11    Spells: 7/7 levels left

rFire   . . .        k - +0 hand axe (heavy)
rCold   . . .        (no shield)
rNeg    . . .        i - +2 scale mail {rPois}
rPois   +            (helmet restricted)
rElec   .            r - +2 cloak
rCorr   .            e - +0 pair of gloves
SInv    .            b - +0 pair of boots
Will    .....        (no amulet) Stlth
                     (no ring)
HPRegen 0.34/turn    (no ring)
MPRegen 0.10/turn

%: no passive effects
@: berserking, heavily drained, very quick
A: horns 2, retaliatory headbutt
a: Renounce Religion, Berserk, Trog's Hand, Brothers in Arms


You were in a bailey.
You worshipped Trog.
Trog was greatly pleased with you.
You visited 1 branch of the dungeon, and saw 7 of its levels.
You also visited: Sewer and Bailey.

You collected 427 gold pieces.
You spent 168 gold pieces at shops.

Inventory:

Hand Weapons
 a - a +0 hand axe
 k - a +0 heavy hand axe (weapon)
 q - a +1 whip of flaming
 s - a +0 war axe
Missiles
 c - 20 poisoned darts (quivered)
Armour
 b - a +0 pair of boots (worn)
 e - a +0 pair of gloves (worn)
 i - a +2 scale mail of poison resistance (worn)
 r - a +2 cloak (worn)
 v - a +1 chain mail of fire resistance
 w - a +1 scale mail of cold resistance
Wands
 f - a wand of paralysis (9)
Scrolls
 h - a scroll of teleportation
 l - 8 scrolls of identify
 m - a scroll of fear
Potions
 d - 2 potions of curing {unknown}
 g - 2 potions of haste
 j - 3 potions of might {unknown}
 n - 2 potions of brilliance {unknown}
 o - a potion of ambrosia {unknown}
 p - a potion of lignification {unknown}
 t - a potion of cancellation {unknown}
 u - 3 potions of heal wounds {unknown}


   Skills:
 + Level 7.8 Fighting
 + Level 7.7 Axes
 + Level 7.3 Armour
 + Level 6.6 Dodging


You had 7 spell levels left.
You didn't know any spells.
Your spell library was empty.

Dungeon Overview and Level Annotations

Branches:
Dungeon (7/15)             Temple (0/1) D:5           Sewer (visited)
 Bailey (1/1)

Altars:
Gozag
Makhleb
Nemelex Xobeh
Uskayaw

Shops:
D:1 (   D:4 :


Innate Abilities, Weirdness & Mutations

You have a pair of horns on your head.
You reflexively headbutt those who attack you in melee.


Message History

You feel drained.
The orc warrior hits you but does no damage.
You are electrocuted!
You see here a potion of haste.
A red film seems to cover your vision as you go berserk!
You feel yourself moving faster!
You feel mighty! The gnoll hits you but does no damage.
You feel drained. The gnoll hits you but does no damage.
The gnoll hits you with a +2 halberd of draining.
You feel drained.
The orc warrior hits you with a +0 halberd of electrocution!
You slash the gnoll!
The gnoll is heavily wounded.
You slash the orc warrior! The gnoll closely misses you. The gnoll misses you.
The gnoll closely misses you. The orc warrior misses you.
Unknown command.
You closely miss the orc warrior.
The orc warrior is moderately wounded.
You hit the gnoll.
The gnoll hits you from afar with a +0 halberd of draining.
You feel drained.
The gnoll hits you from afar with a +2 halberd of electrocution.
The gnoll barely misses you.
You closely miss the orc warrior.
You headbutt the orc warrior, but do no damage.
The orc warrior is moderately wounded.
You barely miss the gnoll.
Unknown command.
You closely miss the orc warrior. Your headbutt misses the orc warrior.
The orc warrior is moderately wounded.
You closely miss the gnoll. The gnoll barely misses you.
The gnoll hits you from afar with a +2 halberd of electrocution.
You are electrocuted!
* * * LOW HITPOINT WARNING * * *
The gnoll closely misses you.
The orc warrior hits you with a +0 halberd of electrocution!
* * * LOW HITPOINT WARNING * * *
The gnoll misses you.
The gnoll hits you with a +2 halberd of electrocution!
You die...

##### ### ###
##.))###)###)#
+##+##'###'##'##'##
#!.!g!## ##.....##
#.!.@o# ###.....###
+!.⌠gg+ #.'..⌠..')#
#.!.!.# ###.....###
#!.!.!# ##.....##
+##+##+###'##'##'##
#.#.###)###.# ### ###
##### ### #'#
#)###)###)#)###)###.#
##'##'##'###'##'##'##


You could see an orc warrior and 3 gnolls.

Vanquished Creatures
  A water moccasin (Sewer)
  2 ice beasts
  An ogre (D:3)
  A centaur (D:7)
  A kobold brigand (D:6)
  2 bullfrogs
  3 scorpions
  2 howler monkeys (D:5)
  A jelly (D:7)
  A gnoll bouda (D:4)
  A hound (D:5)
  2 orc priests
  Terence (D:2)
  7 iguanas
  6 orc wizards
  2 sleepcaps
  16 gnolls
  9 adders
  3 white imps
  A dart slug (D:3)
  27 orcs
  8 bats
  9 endoplasms
  5 giant cockroaches
  6 goblins
  5 hobgoblins
  2 jackals (D:1)
  7 quokkas
  6 ball pythons
  3 frilled lizards
  14 kobolds
  4 rats
159 creatures vanquished.

Notes
Turn   | Place    | Note
-------+----------+-------------------------------------------
     0 | D:1      | LLlMATKO the Minotaur Berserker began the quest for the
                  | Orb.
     0 | D:1      | Reached XP level 1. HP: 19/19 MP: 0/0
    20 | D:1      | Found Ydwubbuev's Antique Weapon Emporium.
   196 | D:1      | Reached XP level 2. HP: 20/27 MP: 1/1
   790 | D:1      | Reached ** piety under Trog
   963 | D:1      | Reached XP level 3. HP: 29/33 MP: 2/2
  1362 | D:2      | Noticed Terence
  1373 | D:2      | Killed Terence
  1580 | D:2      | Reached XP level 4. HP: 39/41 MP: 3/3
  2136 | D:1      | Bought a runed hand axe for 168 gold pieces
  2267 | D:3      | Noticed an ogre
  2272 | D:3      | Killed an ogre
  2273 | D:3      | Reached XP level 5. HP: 47/47 MP: 4/4
  2352 | D:3      | Found an opulent altar of Gozag.
  2615 | D:3      | You fall into a shaft and drop 1 floor!
  3049 | D:4      | Reached skill level 5 in Axes
  3053 | D:4      | Reached skill level 5 in Fighting
  3076 | D:4      | Reached XP level 6. HP: 37/56 MP: 5/5
  3217 | D:4      | Found a hide-covered altar of Uskayaw.
  3310 | D:4      | Reached *** piety under Trog
  3475 | D:4      | Identified the staff of poison "Wutu Woa" {Fly rPois Will+}
  3483 | D:4      | Noticed an ice beast
  3491 | D:4      | Killed an ice beast
  3553 | D:4      | Found Vetuss Bewk's Tiny Tomes.
  3769 | D:5      | Entered Level 5 of the Dungeon
  3789 | D:5      | Reached skill level 5 in Armour
  3789 | D:5      | Reached XP level 7. HP: 58/62 MP: 6/6
  3851 | D:5      | Found a staircase to the Ecumenical Temple.
  4047 | D:5      | Found a sparkling altar of Nemelex Xobeh.
  4145 | D:5      | Reached skill level 5 in Dodging
  4224 | D:5      | Found a burning altar of Makhleb.
  4592 | D:6      | Reached **** piety under Trog
  4621 | D:6      | Reached XP level 8. HP: 53/71 MP: 7/7
  5125 | D:6      | Found a glowing drain.
  5134 | Sewer    | Entered a sewer
  5639 | D:7      | Found a flagged portal.
  5781 | Bailey   | Entered a bailey
  6115 | Bailey   | Slain by a gnoll

Illustrated notes

Levels and vault maps discovered:
D:1:      dpeg_arrival_tiny_d, layout_basic, serial_shops, shop_statue
D:2:      layout_loops_corners, uniq_terence
D:3:      layout_loops_cross, mainiacjoe_overflow_catwalk
D:4:      layout_basic, mainiacjoe_overflow_small_starburst,
          kennysheep_big_empty_room, nicolae_shop_i_like_small_books_too,
          kennysheep_generic_room_3
D:5:      layout_basic, lemuel_tele_altar, nicolae_overflow_crystal_walls,
          minmay_temple_entry_junction
D:6:      layout_basic, portal_sewer_entry_f
D:7:      layout_loops_ring, enter_bailey_6, hangedman_decor_clover_reticule
Bailey:   bailey_polearm_nasty_gnolls, bailey

Skill      XL: |  1  2  3  4  5  6  7  8 |
---------------+-------------------------+-----
Axes           | 4 5 6 7 |  7.7
Armour         | 3 4 5 6 7 |  7.3
Fighting       | 4 5 6 7 |  7.8
Dodging        | 3 4 5 6 |  6.6

Action                     |  1- 3 |  4- 6 |  7- 9 || total
---------------------------+-------+-------+-------++-------
  Melee: Hand axe          |    86 |    71 |   150 ||   307
         Headbutt          |    12 |    18 |    29 ||    59
         Punch             |     1 |     1 |     1 ||     3
 Invoke: Berserk           |     1 |     2 |     4 ||     7
    Use: Scroll            |       |       |     8 ||     8
 Armour: Animal skin       |    15 |       |       ||    15
         Scale mail        |    10 |    36 |   101 ||   147
         Chain mail        |     4 |       |       ||     4
  Dodge: Dodged            |    49 |    50 |   144 ||   243
